[Event "Team 45 45 League T57"]
[Site "Internet Chess Club"]
[Date "2013.06.14"]
[Round "4"]
[White "DARKwizard1"]
[Black "barbak"]
[Result "1-0"]
[WhiteElo "2014"]
[BlackElo "1946"]
[Opening "Caro-Kann: Steinitz variation"]
[ECO "B17"]
[Time "15:04:09"]
[TimeControl "2700+45"]

1. e4 c6 2. d4 d5 3. Nc3 dxe4 4. Nxe4 Nd7 5. Nf3 Ngf6 6. Ng3 e6 7. Bd3 c5 8. O-O
cxd4 9. Nxd4 Bc5 10. Nb3 Be7 11. Bd2 O-O 12. Bc3 Qc7 13. Re1 Re8 14. Qf3 Nd5 15.
Bd4 N7f6 16. a3 Bd7 17. c4 Nb6 18. Nh5 Bc6 19. Qh3 Nxh5 20. Qxh5 g6 21. Qh6 Bf8
22. Qg5 Nd7 23. Rad1 Be7 24. Qh6 Bf8 25. Qh4 Ba4 26. Nd2 Bxd1 27. Rxd1 Nc5 28.
Bc2 Be7 29. Qh6 Bf8 30. Qe3 b6 31. b4 Nd7 32. Ne4 Red8 33. Ba4 Be7 34. Qh6 Bf8
35. Qh4 e5 36. Bb2 Bg7 37. Qe7 Qxc4 38. Nd6 Qe6 39. Qxe6 fxe6 40. Nb7 Nc5 41.
Rxd8+ Rxd8 42. bxc5 Rd2 43. Bc3 Rd3 44. Bb4 a5 45. Bc2 Rd4 46. Be1 Rc4 47. Bb3
Rc1 48. Bxe6+ Kf8 49. Kf1 bxc5 50. Nxa5 e4 51. Nb3 Rb1 52. Nd2 Ra1 53. Nxe4 Rxa3
54. Nxc5 Bd4 55. Nb3 Ra4 56. Bd7 Ra7 57. Be6 Be5 58. g3 Ke7 59. Bc4 h5 60. h4
Kf6 61. Nc5 Bd4 62. Ne4+ Ke5 63. Bd3 Ra3 64. Ke2 Ba1 65. Bd2 Ra4 66. Bf4+ Kd5
67. Ng5 Ra2+ 68. Kf1 Bd4 69. Be4+ Kc4 70. Bxg6 Rxf2+ 71. Ke1 Rg2 72. Bxh5 Bc3+
73. Kf1 Rb2 74. Be2+ Kd5 75. Bf3+ Kc4 76. h5 Bd4 77. Be2+ Kd5 78. h6 Bf6 79. h7
Rb1+ 80. Kg2 Ra1 81. Bf3+ Kc4 82. Ne4 Bg7 83. Nd6+ Kc5 84. Nf5 Bf6 85. Be3+ Kc4
86. Bd4 {Black resigns} 1-0

[Event "Team 45 45 League T57"]
[Site "Internet Chess Club"]
[Date "2013.06.14"]
[Round "4"]
[White "lacibacsi"]
[Black "Campagnolo"]
[Result "0-1"]
[WhiteElo "1969"]
[BlackElo "2088"]
[Opening "Caro-Kann: advance variation"]
[ECO "B12"]
[Time "16:00:09"]
[TimeControl "2700+45"]

1. e4 c6 2. d4 d5 3. e5 c5 4. c4 cxd4 5. Qxd4 e6 6. cxd5 Nc6 7. Bb5 Qxd5 8. Qxd5
exd5 9. Nc3 Ne7 10. Bg5 Be6 11. Nf3 h6 12. Be3 Nf5 13. Bd4 Be7 14. O-O O-O 15.
Rad1 Rfd8 16. Rfe1 Rac8 17. a3 Ncxd4 18. Nxd4 Nxd4 19. Rxd4 Bxa3 20. bxa3 Rxc3
21. Rd3 Rdc8 22. Red1 a6 23. Ba4 Rxd3 24. Rxd3 Rc1+ 25. Bd1 Bf5 {White resigns}
0-1

[Event "Team 45 45 League T57"]
[Site "Internet Chess Club"]
[Date "2013.06.16"]
[Round "4"]
[White "ben622"]
[Black "avila"]
[Result "1-0"]
[WhiteElo "2049"]
[BlackElo "1948"]
[Opening "Sicilian: Taimanov (Bastrikov) variation"]
[ECO "B47"]
[Time "17:00:05"]
[TimeControl "2700+45"]

1. e4 c5 2. Nf3 e6 3. d4 cxd4 4. Nxd4 Nc6 5. Nc3 Qc7 6. g3 a6 7. Bg2 Nf6 8. O-O
Be7 9. Be3 O-O 10. f4 d6 11. Nb3 Bd7 12. a4 b6 13. Kh1 Rac8 14. g4 Be8 15. g5
Nd7 16. f5 Nce5 17. Nd4 Nc4 18. Bc1 e5 19. Nd5 Qd8 20. f6 gxf6 21. Nf5 fxg5 22.
Ndxe7+ Kh8 23. Nxc8 Qxc8 24. Bxg5 f6 25. Bh6 Bg6 26. Bxf8 Qxf8 27. b3 Na5 28.
Qxd6 Qe8 29. Rad1 Nc5 30. Qxf6+ {Black resigns} 1-0

[Event "Team 45 45 League T57"]
[Site "Internet Chess Club"]
[Date "2013.06.17"]
[Round "4"]
[White "Schack"]
[Black "Egmont"]
[Result "0-1"]
[WhiteElo "1645"]
[BlackElo "1748"]
[Opening "QGD Slav defense"]
[ECO "D10"]
[Time "12:00:22"]
[TimeControl "2700+45"]

1. d4 d5 2. c4 c6 3. Nc3 Nf6 4. e3 Bf5 5. cxd5 cxd5 6. Qb3 Qd7 7. Nf3 a6 8. Ne5
Qc7 9. Nxd5 Nxd5 10. Qxd5 e6 11. Qb3 Bd6 12. Be2 Bxe5 13. dxe5 Nc6 14. f4 O-O
15. O-O Rad8 16. Qc4 b5 17. Qc3 Qb6 18. Bf3 Na5 19. Rd1 Rc8 20. Qd4 Qc7 21. Qd6
Rfd8 22. Qxc7 Rxd1+ 23. Bxd1 Rxc7 24. Bd2 Nc4 25. Rc1 Rd7 26. Bb4 h6 27. Kf2
Nxb2 28. Rc8+ Kh7 29. Bd6 Nxd1+ {White resigns} 0-1

[Event "Team 45 45 League T57"]
[Site "Internet Chess Club"]
[Date "2013.06.15"]
[Round "4"]
[White "Kingofknights"]
[Black "jufral"]
[Result "0-1"]
[WhiteElo "1653"]
[BlackElo "1534"]
[Opening "Nimzo-Indian: 4.e3"]
[ECO "E40"]
[Time "09:30:20"]
[TimeControl "2700+45"]

1. d4 Nf6 2. c4 e6 3. Nc3 Bb4 4. e3 Bxc3+ 5. bxc3 b6 6. Bd3 O-O 7. Qf3 d5 8.
cxd5 exd5 9. c4 Bg4 10. Qg3 c5 11. h3 Be6 12. cxd5 Qxd5 13. Ne2 Nh5 14. Qh2 Nc6
15. Nc3 Qd7 16. g4 Nf6 17. Ne4 Nxe4 18. Bxe4 Bd5 19. Bxd5 Qxd5 20. O-O cxd4 21.
Rd1 Rad8 22. Qc7 Qf3 23. Qg3 Qxd1+ {White resigns} 0-1

[Event "Team 45 45 League T57"]
[Site "Internet Chess Club"]
[Date "2013.06.16"]
[Round "4"]
[White "drsigmund1"]
[Black "AVEMARIA"]
[Result "0-1"]
[WhiteElo "1525"]
[BlackElo "1651"]
[Opening "Queen's bishop game"]
[ECO "D02"]
[Time "17:01:22"]
[TimeControl "2700+45"]

1. d4 d5 2. Nf3 Nf6 3. Bf4 Bf5 4. e3 e6 5. h3 Bd6 6. Bg5 h6 7. Bh4 Nbd7 8. c4
Bxb1 9. Rxb1 Bb4+ 10. Nd2 g5 11. Bg3 Ne4 12. a3 Bxd2+ 13. Ke2 {White resigns}
0-1

[Event "Team 45 45 League T57"]
[Site "Internet Chess Club"]
[Date "2013.06.22"]
[Round "4"]
[White "whiskeytown"]
[Black "sdcohle"]
[Result "1/2-1/2"]
[WhiteElo "1591"]
[BlackElo "1412"]
[Opening "French: King's Indian attack"]
[ECO "C00"]
[Time "22:04:03"]
[TimeControl "2700+45"]

1. e4 e6 2. d3 d5 3. Nd2 dxe4 4. dxe4 Nc6 5. Ngf3 Bd6 6. g3 Nf6 7. Bg2 e5 8. O-O
O-O 9. Nc4 Nxe4 10. Nfxe5 Bxe5 11. Qxd8 Rxd8 12. Nxe5 Nxe5 13. Bxe4 Re8 14. Bg2
c6 15. Bf4 Ng6 16. Be3 Bf5 17. c3 Be4 18. Bxe4 Rxe4 19. Rad1 b6 20. Rd2 Ne5 21.
Kg2 Nc4 22. Re2 Nxe3+ 23. Rxe3 Rxe3 24. fxe3 Re8 25. Kf3 g6 26. Rd1 Re7 27. h3
c5 28. a3 f5 29. Kf4 Kf7 30. Rd6 h6 31. Kf3 Re6 32. Rd7+ Re7 33. Rxe7+ Kxe7 34.
e4 fxe4+ {Game drawn by mutual agreement} 1/2-1/2

[Event "Team 45 45 League T57"]
[Site "Internet Chess Club"]
[Date "2013.06.14"]
[Round "4"]
[White "LiangLiang"]
[Black "toukon"]
[Result "1-0"]
[WhiteElo "1740"]
[BlackElo "1737"]
[Opening "Sicilian: dragon, classical attack"]
[ECO "B73"]
[Time "19:00:38"]
[TimeControl "2700+45"]

1. e4 c5 2. Nf3 d6 3. d4 cxd4 4. Nxd4 Nf6 5. Nc3 g6 6. Be3 Bg7 7. Be2 O-O 8. O-O
Nc6 9. f4 a6 10. a4 Bd7 11. Nb3 Na5 12. Nxa5 Qxa5 13. Rb1 Qb4 14. Qd4 a5 15. e5
dxe5 16. Qxb4 axb4 17. fxe5 Ng4 18. Bxg4 Bxg4 19. Nd5 e6 20. Nb6 Rad8 21. Bc5
Rfe8 22. Bd6 Rxd6 23. exd6 Bd4+ 24. Kh1 Bxb6 25. Rf4 Bf5 26. Rxb4 Bc5 27. d7 Rd8
28. Rxb7 Kf8 29. Ra1 h5 30. a5 h4 31. a6 h3 32. Re1 hxg2+ 33. Kxg2 Ke7 34. a7
Ra8 35. Rb8 Kxd7 36. Rxa8 {Black resigns} 1-0

[Event "Team 45 45 League T57"]
[Site "Internet Chess Club"]
[Date "2013.06.14"]
[Round "4"]
[White "QuieroAprender"]
[Black "DouDou"]
[Result "1/2-1/2"]
[WhiteElo "1724"]
[BlackElo "1768"]
[Opening "Ruy Lopez: exchange variation, Alapin gambit"]
[ECO "C68"]
[Time "19:35:00"]
[TimeControl "2700+45"]

1. e4 e5 2. Nf3 Nc6 3. Bb5 a6 4. Bxc6 dxc6 5. O-O Bg4 6. h3 h5 7. Re1 Qf6 8.
hxg4 hxg4 9. Nh2 Qh4 10. Qxg4 Qxh2+ 11. Kf1 Nf6 12. Qf3 Bc5 13. Qc3 Bd4 14. Qf3
O-O-O 15. c3 Bb6 16. d3 Qh4 17. Ke2 Ng4 18. Be3 Nxe3 19. fxe3 Rh6 20. d4 Qg5 21.
Qf5+ Qxf5 22. exf5 exd4 23. cxd4 Re8 24. Kf3 Bxd4 25. Nc3 Bf6 26. Rad1 Re5 27.
e4 g6 28. fxg6 Rxg6 29. Rh1 Reg5 30. Rhg1 c5 31. Nd5 Kb8 32. Nxf6 Rxf6+ 33. Ke2
Rg4 34. Rd8+ Ka7 35. Re8 Rgf4 36. e5 R6f5 37. Ke3 Rf2 38. Ke4 Rg5 39. Re7 Rxb2
40. Rxf7 Re2+ 41. Kf3 Rexe5 42. Rxc7 Rgf5+ 43. Kg4 Rf2 44. Rb1 a5 45. Rcxb7+ Ka8
46. Rb8+ Ka7 47. R1b7+ Ka6 48. Rb6+ Ka7 49. R8b7+ Ka8 {Game drawn by mutual
agreement} 1/2-1/2

[Event "Team 45 45 League T57"]
[Site "Internet Chess Club"]
[Date "2013.06.13"]
[Round "4"]
[White "ilovechess"]
[Black "Lumumba"]
[Result "1-0"]
[WhiteElo "1401"]
[BlackElo "1656"]
[Opening "Caro-Kann: Steinitz variation"]
[ECO "B17"]
[Time "19:00:23"]
[TimeControl "2700+45"]

1. e4 c6 2. d4 d5 3. Nc3 dxe4 4. Nxe4 Nd7 5. Nf3 Ngf6 6. Bd3 Nxe4 7. Bxe4 Nf6 8.
Bd3 Bg4 9. c3 e6 10. h3 Bh5 11. O-O Be7 12. Bd2 O-O 13. Qe2 Qc7 14. Qe3 Nd5 15.
Qe4 Bg6 16. Qe2 Bxd3 17. Qxd3 Rad8 18. Ng5 Bxg5 19. Bxg5 Rd7 20. Rfe1 Ne7 21.
Re2 c5 22. Rae1 cxd4 23. Bxe7 Rxe7 24. Qxd4 Rd7 25. Qxa7 Rfd8 26. Qa3 h6 27. Qb3
Rd6 28. a3 Qd7 29. Qc2 Rd3 30. Qc1 Qd5 31. Re3 Qb3 32. Rxd3 Rxd3 33. Kh2 Qd5 34.
Re2 Qd6+ 35. g3 Rd1 36. Qc2 Qd5 37. Qe4 Qxe4 38. Rxe4 Rd2 39. Rb4 Rxf2+ 40. Kg1
Rd2 41. Rxb7 e5 42. Rb4 Rd3 43. Kf2 f6 44. a4 g5 45. a5 Rd8 46. Rb6 Kg7 47. Rb7+
Kg6 48. a6 Ra8 49. a7 Kh5 50. Kf3 f5 51. c4 f4 52. b4 fxg3 53. Kxg3 e4 54. Re7
Kg6 55. b5 h5 56. b6 {Black resigns} 1-0

[Event "Team 45 45 League T57"]
[Site "Internet Chess Club"]
[Date "2013.06.12"]
[Round "4"]
[White "JustinL"]
[Black "misuc56"]
[Result "1-0"]
[WhiteElo "1987"]
[BlackElo "1861"]
[Opening "Sicilian: Canal-Sokolsky (Nimzovich-Rossolimo, Moscow) attack"]
[ECO "B51"]
[Time "17:00:05"]
[TimeControl "2700+45"]

1. e4 c5 2. Nf3 d6 3. Bb5+ Nc6 4. d4 cxd4 5. Qxd4 Bd7 6. Bxc6 bxc6 7. O-O c5 8.
Qd3 g6 9. e5 Bf5 10. Qd5 Be6 11. Qc6+ Bd7 12. Qe4 Bf5 13. Qe2 d5 14. Qb5+ Bd7
15. Qxc5 e6 16. Qd4 Qc7 17. Nc3 Ne7 18. Bf4 Rb8 19. Rab1 h6 20. h3 Nf5 21. Qd3
Bc5 22. Rfd1 g5 23. Bh2 Rb7 24. a3 Qb6 25. Rd2 a5 26. g4 Ne7 27. Bg3 Ng6 28. Nd4
Bxd4 29. Qxd4 Qxd4 30. Rxd4 O-O 31. Ne2 Rc8 32. Rd2 Rcb8 33. b3 a4 34. b4 Rc8
35. Nd4 Rcb8 36. Rc1 Rc8 37. Kf1 Ne7 38. Ke1 Nc6 39. c4 Nxd4 40. Rxd4 dxc4 41.
Rcxc4 Rxc4 42. Rxc4 Kg7 43. f4 Kg6 44. Kf2 f5 45. exf6 Kxf6 46. Rc5 Rb5 47.
fxg5+ hxg5 48. Rc3 Rd5 49. Ke3 e5 50. Rc4 Bb5 51. Rc3 Bf1 52. Rc6+ Ke7 53. h4
gxh4 54. Bxh4+ Kf7 55. Rf6+ Kg7 56. Rxf1 Kg6 57. Rf6+ Kg7 58. Ra6 Rd4 59. Bf6+
Kf7 60. Bxe5 Rxg4 61. Rxa4 Ke6 62. Ra5 Rh4 63. Bf4 Rh3+ 64. Ke4 Rb3 65. b5 Kd7
66. Ra7+ Kc8 67. a4 Rb1 68. Bd6 Rd1 69. Ke5 Re1+ 70. Kd5 Rd1+ 71. Kc6 Rc1+ 72.
Bc5 Kb8 73. Rh7 {Black resigns} 1-0

[Event "Team 45 45 League T57"]
[Site "Internet Chess Club"]
[Date "2013.06.16"]
[Round "4"]
[White "jps7"]
[Black "justice02"]
[Result "1-0"]
[WhiteElo "1854"]
[BlackElo "1723"]
[Opening "Queen's pawn game"]
[ECO "D02"]
[Time "12:00:29"]
[TimeControl "2700+45"]

1. d4 d5 2. Nf3 c6 3. Bf4 e6 4. h3 Bd6 5. Bxd6 Qxd6 6. e3 Nd7 7. Bd3 Ngf6 8. O-O
Ne4 9. c3 Ndf6 10. Qc2 h6 11. Ne5 Bd7 12. Kh2 O-O-O 13. f3 Nc5 14. f4 Nxd3 15.
Nxf7 Qe7 16. Nxh8 Rxh8 17. Qxd3 Kb8 18. Nd2 Be8 19. c4 g5 20. c5 Rg8 21. f5 e5
22. dxe5 Qxe5+ 23. Kh1 Nh5 24. Rfb1 Bd7 25. e4 g4 26. h4 Re8 27. Re1 d4 28. Nb3
Ka8 29. Qxd4 Qe7 30. Rad1 Qxh4+ 31. Kg1 g3 32. Kf1 Qh1+ 33. Ke2 Qxg2+ 34. Kd3
Nf4+ 35. Kc4 Rd8 36. Kb4 Qc2 37. Qf6 a5+ 38. Ka3 Re8 39. Rxd7 Nd3 40. Rd8+ Rxd8
41. Qxd8+ Ka7 42. Qxa5+ Kb8 43. Qd8+ Ka7 44. Qb6+ Kb8 45. Na5 Qxc5+ 46. Qxc5
Nxc5 47. f6 h5 48. f7 Ne6 49. Nc4 h4 50. Ne5 h3 51. Nf3 g2 52. Kb4 Kc7 53. Kc4
Kd7 54. Kd3 Ke7 55. Ke3 Kxf7 56. Kf2 Nf4 57. Kg3 Nd3 58. Re2 Ke6 59. Rd2 Ne5 60.
Ng1 Nc4 61. Re2 Ke5 62. Kxh3 Kf4 63. Kxg2 Ne5 64. Nh3+ Kg4 65. Rf2 Nd3 66. Re2
Ne5 67. Re3 Nc4 68. Rb3 b5 69. a4 Nd2 70. Rc3 bxa4 71. Rxc6 Nxe4 72. Nf2+ Nxf2
73. Kxf2 Kf5 74. Ra6 Ke5 75. Rxa4 Kd5 76. Ke3 Kc5 77. Kd3 Kb5 78. Rc4 Kb6 79.
Kd4 Kb5 80. b4 Kb6 81. Rc5 Kb7 82. Kd5 Kb6 83. b5 Kb7 84. Rc6 Ka7 85. Kd6 Kb7
86. b6 Ka6 87. Kc7 {Black resigns} 1-0

[Event "Team 45 45 League T57"]
[Site "Internet Chess Club"]
[Date "2013.06.14"]
[Round "4"]
[White "noblitz-oblige"]
[Black "supermessi"]
[Result "1-0"]
[WhiteElo "1557"]
[BlackElo "1552"]
[Opening "Sicilian"]
[ECO "B56"]
[Time "20:00:43"]
[TimeControl "2700+45"]

1. e4 c5 2. Nf3 d6 3. d4 cxd4 4. Nxd4 Nf6 5. Nc3 Nc6 6. Be3 e6 7. Bd3 Be7 8. O-O
O-O 9. f4 a6 10. Qf3 Qc7 11. Rad1 b5 12. e5 Nxd4 13. Bxd4 Bb7 14. Qh3 dxe5 15.
fxe5 Ne4 16. Nxe4 h6 17. Rf6 Bxf6 18. exf6 Rfd8 19. fxg7 e5 20. Qxh6 f5 21. Ng5
Qxg7 22. Qxg7+ Kxg7 23. Ne6+ Kf6 24. Nxd8 Rxd8 25. Bc3 Ke6 26. Re1 e4 27. Be2
Bc6 28. Kf2 Bd5 29. a3 Rb8 30. h4 Rh8 31. Bxh8 Bc6 32. h5 Be8 33. Rd1 f4 34.
Bg4+ Ke7 35. h6 Bc6 36. Be5 {Black resigns} 1-0

[Event "Team 45 45 League T57"]
[Site "Internet Chess Club"]
[Date "2013.06.16"]
[Round "4"]
[White "rahulr"]
[Black "kingsrook"]
[Result "1-0"]
[WhiteElo "1596"]
[BlackElo "1287"]
[Opening "QGD Slav: 4.Nc3"]
[ECO "D15"]
[Time "15:00:29"]
[TimeControl "2700+45"]

1. d4 d5 2. c4 c6 3. Nc3 Nf6 4. Nf3 a6 5. e3 g6 6. Bd3 Bg7 7. O-O O-O 8. Re1 Re8
9. Qb3 e6 10. c5 Nbd7 11. Bd2 Qc7 12. Rac1 e5 13. Nxe5 Nxe5 14. dxe5 Rxe5 15. e4
Rh5 16. g3 Ng4 17. exd5 Bd7 18. d6 Qc8 19. Re7 Ne5 20. Bc4 Bf6 21. Bxf7+ Kf8 22.
Rxd7 Qxd7 23. Be6 Qd8 24. Kg2 Rb8 25. Ne4 Bg7 26. f4 Nd7 27. Ng5 Qf6 28. Bc3
Nxc5 29. Bxf6 Nxb3 30. Bxg7+ Kxg7 31. axb3 Rxg5 32. fxg5 Rd8 33. d7 Kf8 34. Rf1+
Ke7 35. Bg4 b6 36. Re1+ Kf8 37. Kf3 b5 38. Kf4 c5 39. Ke5 a5 40. Kd6 c4 41. Kc7
Ra8 42. d8=Q+ Rxd8 43. Kxd8 cxb3 44. Re5 a4 45. Rxb5 a3 46. bxa3 b2 47. Rxb2 Kg7
48. Rb7+ Kh8 49. Ke7 Kg8 50. Kf6 h6 51. Be6+ Kh8 52. Kxg6 h5 53. Rb8# {Black
checkmated} 1-0

[Event "Team 45 45 League T57"]
[Site "Internet Chess Club"]
[Date "2013.06.16"]
[Round "4"]
[White "Grenadier"]
[Black "ticopatzer"]
[Result "1-0"]
[WhiteElo "1678"]
[BlackElo "1673"]
[Opening "Ruy Lopez: closed, Bogolyubov variation"]
[ECO "C91"]
[Time "10:12:37"]
[TimeControl "2700+45"]

1. e4 e5 2. Nf3 Nc6 3. Bb5 a6 4. Ba4 Nf6 5. O-O b5 6. Bb3 Be7 7. Re1 O-O 8. c3
d6 9. d4 Bg4 10. d5 Na5 11. Bc2 c6 12. b4 Nc4 13. dxc6 Qb6 14. Bg5 Qxc6 15. Nbd2
Nxd2 16. Qxd2 Bxf3 17. gxf3 Rac8 18. Re3 Qd7 19. Rd3 h6 20. Bh4 Qh3 21. Bg3 h5
22. Qg5 Rfe8 23. Qh4 Qe6 24. Bb3 Qd7 25. Bxe5 Qc6 26. Bxf6 Bxf6 27. Qxh5 Re5 28.
Qxf7+ Kh8 29. f4 Rh5 30. Qxh5# {Black checkmated} 1-0

[Event "Team 45 45 League T57"]
[Site "Internet Chess Club"]
[Date "2013.06.15"]
[Round "4"]
[White "JWB"]
[Black "GoIrish"]
[Result "1-0"]
[WhiteElo "1729"]
[BlackElo "1563"]
[Opening "King's Indian: Sämisch, orthodox, 7.d5"]
[ECO "E87"]
[Time "12:33:44"]
[TimeControl "2700+45"]

1. d4 Nf6 2. c4 g6 3. Nc3 Bg7 4. e4 d6 5. f3 O-O 6. Be3 e5 7. d5 a5 8. Qd2 Na6
9. Bd3 Nc5 10. Bc2 Ne8 11. Nge2 f5 12. O-O-O f4 13. Bf2 Bd7 14. b3 Qb8 15. Kb2
b5 16. cxb5 Bxb5 17. Nxb5 Qxb5 18. Nc3 Qb7 19. Bxc5 dxc5 20. Na4 c4 21. Qc3 cxb3
22. Bxb3 Qb5 23. Qc4 Qxc4 24. Bxc4 Nd6 25. Bb3 Rfb8 26. Rc1 Nb5 27. d6+ Kf8 28.
dxc7 Rc8 29. Nb6 Nd6 30. Nxa8 Rxa8 31. Be6 Nc8 32. Bxc8 Rxc8 33. Rhd1 Ke8 34.
Kb3 Bf8 35. Ka4 Be7 36. Kxa5 Kf7 37. Ka6 {Black resigns} 1-0

[Event "Team 45 45 League T57"]
[Site "Internet Chess Club"]
[Date "2013.06.16"]
[Round "4"]
[White "BrerRabbit"]
[Black "rayngrant"]
[Result "1/2-1/2"]
[WhiteElo "1451"]
[BlackElo "1578"]
[Opening "King's Indian: London system"]
[ECO "A48"]
[Time "19:05:16"]
[TimeControl "2700+45"]

1. d4 Nf6 2. Nf3 g6 3. Bf4 Bg7 4. e3 O-O 5. Be2 Nh5 6. Be5 f6 7. Bg3 Nxg3 8.
hxg3 d6 9. Nbd2 Be6 10. Bd3 c5 11. c3 cxd4 12. Nxd4 Bf7 13. Bc4 d5 14. Bb3 Nc6
15. N2f3 e5 16. Ne2 Rc8 17. Qd2 Na5 18. Bc2 Nc4 19. Qc1 Qb6 20. Bb3 a5 21. Nd2
Nxb2 22. Qxb2 a4 23. Rb1 axb3 24. Nxb3 f5 25. O-O Be8 26. Rfd1 Bc6 27. Qd2 Qa7
28. f4 Rfd8 29. Kf2 Rd7 30. Rh1 Rcd8 31. Rb2 d4 32. cxd4 exd4 33. Nbxd4 Bxd4 34.
Nxd4 Rxd4 35. exd4 Rxd4 36. Qe3 Qc5 37. Re1 Be4 38. Rd1 Rc4 39. Qxc5 Rxc5 40.
Rd8+ Kg7 41. Rd7+ Kh6 42. Rbd2 Bc6 43. R7d4 Rc1 44. Rd1 Rc2+ 45. R1d2 Rc3 46.
R4d3 Rc5 47. Rd1 Rc2+ 48. R3d2 Rc5 49. Rh1+ Kg7 50. Rhd1 Ba4 51. Rb1 Bc6 52.
Rbd1 Ba4 {Game drawn by mutual agreement} 1/2-1/2

[Event "Team 45 45 League T57"]
[Site "Internet Chess Club"]
[Date "2013.06.15"]
[Round "4"]
[White "julesraider"]
[Black "AlPearson"]
[Result "1-0"]
[WhiteElo "1591"]
[BlackElo "1321"]
[Opening "King's Indian: orthodox, Aronin-Taimanov, bayonet attack"]
[ECO "E97"]
[Time "09:00:53"]
[TimeControl "2700+45"]

1. d4 Nf6 2. c4 g6 3. Nc3 Bg7 4. e4 d6 5. Nf3 O-O 6. Be2 e5 7. O-O Nc6 8. d5 Ne7
9. b4 Nh5 10. Re1 f5 11. Ng5 Nf6 12. Bf3 c6 13. Ba3 h6 14. Ne6 Bxe6 15. dxe6
fxe4 16. Nxe4 Nxe4 17. Bxe4 d5 18. cxd5 cxd5 19. Bc2 e4 20. Rc1 Qd6 21. Bxe4 a5
22. Qd2 Qxe6 23. Bxg6 Qxg6 24. Rxe7 Bf6 25. Qxd5+ Kh8 26. Rxb7 Rad8 27. Rd7 axb4
28. Bxb4 Rxd7 29. Qxd7 Rd8 30. Qc6 Qg5 31. h3 Bd4 32. Be1 Rd5 33. Qe8+ Kg7 34.
Rc7+ Kf6 35. Qf7+ Ke5 36. Re7+ Kd6 37. Bb4+ Bc5 38. Qe6# {Black checkmated} 1-0

[Event "Team 45 45 League T57"]
[Site "Internet Chess Club"]
[Date "2013.06.18"]
[Round "4"]
[White "Chess-Dream"]
[Black "przechrzczony"]
[Result "1-0"]
[WhiteElo "2130"]
[BlackElo "2048"]
[Opening "QGA: classical, 6...a6"]
[ECO "D27"]
[Time "21:34:43"]
[TimeControl "2700+45"]

1. Nf3 d5 2. d4 e6 3. c4 dxc4 4. e3 Nf6 5. Bxc4 c5 6. O-O a6 7. dxc5 Qxd1 8.
Rxd1 Bxc5 9. Nbd2 b6 10. Nb3 Be7 11. Be2 Bb7 12. Nfd4 Nc6 13. Bf3 O-O-O 14. Bd2
Nxd4 15. Bxb7+ Kxb7 16. Nxd4 Ne4 17. Be1 Bf6 18. f3 Bxd4 19. exd4 Nd6 20. d5 e5
21. Rac1 Rc8 22. Kf2 Rxc1 23. Rxc1 Rc8 24. Rxc8 Kxc8 25. Ke2 Kd7 26. Kd3 a5 27.
a4 Nb7 28. Kc4 Nd6+ 29. Kd3 Nb7 30. Kc4 Kd6 31. Kb5 Kxd5 32. Kxb6 Nd6 33. b3 Nf5
34. Bxa5 Nd4 35. b4 f5 36. b5 e4 37. fxe4+ fxe4 38. Bd2 Nb3 39. Be1 Nd4 40. Kc7
Ne6+ 41. Kb6 e3 42. a5 Kd6 43. a6 e2 {Black resigns} 1-0

[Event "Team 45 45 League T57"]
[Site "Internet Chess Club"]
[Date "2013.06.13"]
[Round "4"]
[White "O00O"]
[Black "dmarcolino"]
[Result "0-1"]
[WhiteElo "1920"]
[BlackElo "1997"]
[Opening "Caro-Kann: advance variation"]
[ECO "B12"]
[Time "20:01:38"]
[TimeControl "2700+45"]

1. e4 c6 2. d4 d5 3. e5 c5 4. c3 Nc6 5. Nf3 Bg4 6. Be3 e6 7. Bb5 cxd4 8. Qa4 Ne7
9. Nxd4 Qc7 10. Nd2 Bh5 11. c4 Rd8 12. cxd5 Rxd5 13. Nc4 a6 14. Nd6+ Kd8 15.
Nxb7+ Qxb7 16. Bxc6 Qxb2 17. O-O Nxc6 18. Nxc6+ Ke8 19. Rab1 Qa3 20. Rb8+ Kd7
21. Rb7+ Ke8 22. Bd2 Qxa4 {White resigns} 0-1

[Event "Team 45 45 League T57"]
[Site "Internet Chess Club"]
[Date "2013.06.17"]
[Round "4"]
[White "jjimalo"]
[Black "typhoon"]
[Result "1-0"]
[WhiteElo "1906"]
[BlackElo "1627"]
[Opening "QGD semi-Slav: 5.e3"]
[ECO "D45"]
[Time "13:26:40"]
[TimeControl "2700+45"]

1. d4 d5 2. Nf3 c6 3. c4 e6 4. Nc3 Nf6 5. e3 Be7 6. Qc2 Nbd7 7. Bd3 O-O 8. O-O
a6 9. b3 dxc4 10. bxc4 b5 11. Ne5 Bb7 12. Bb2 b4 13. Ne4 h6 14. f4 c5 15. Rad1
Qc7 16. Kh1 Qd8 17. f5 exf5 18. Rxf5 Nxe5 19. Nxf6+ Bxf6 20. dxe5 Bg5 21. Qe2
Qc7 22. Bb1 Rad8 23. Rxd8 Rxd8 24. Rf1 Qc6 25. Qc2 g6 26. Qf2 Qe6 27. Bc2 Rd7
28. Qe2 Qh3 29. Bc1 Bh4 30. e4 Qe6 31. Bxh6 Qxe5 32. Qg4 Bf6 33. Qxd7 {Black
resigns} 1-0

[Event "Team 45 45 League T57"]
[Site "Internet Chess Club"]
[Date "2013.06.16"]
[Round "4"]
[White "chess09"]
[Black "justice02"]
[Result "1-0"]
[WhiteElo "1955"]
[BlackElo "1716"]
[Opening "QGD Slav: 3.Nf3"]
[ECO "D11"]
[Time "22:00:35"]
[TimeControl "2700+45"]

1. d4 d5 2. c4 c6 3. Nf3 a6 4. Nc3 g6 5. e3 Bg7 6. Bd3 Nf6 7. O-O O-O 8. Re1 Re8
9. h3 Qc7 10. b3 Nbd7 11. Bb2 Nf8 12. Rc1 Qd6 13. Qc2 dxc4 14. bxc4 Bh6 15. Rcd1
Ne6 16. e4 Nh5 17. d5 Nef4 18. Ne2 Nxe2+ 19. Bxe2 Nf4 20. c5 Nxe2+ 21. Rxe2 Qc7
22. d6 exd6 23. cxd6 Qd7 24. Qc3 f6 25. Qxf6 Bg7 26. Qxg7+ Qxg7 27. Bxg7 Kxg7
28. d7 Rd8 29. Red2 {Black resigns} 1-0

[Event "Team 45 45 League T57"]
[Site "Internet Chess Club"]
[Date "2013.06.16"]
[Round "4"]
[White "koni"]
[Black "Nb4"]
[Result "1/2-1/2"]
[WhiteElo "1917"]
[BlackElo "1921"]
[Opening "Queen's pawn: Yusupov-Rubinstein system"]
[ECO "A46"]
[Time "12:02:53"]
[TimeControl "2700+45"]

1. d4 Nf6 2. Nf3 e6 3. e3 c5 4. Bd3 Nc6 5. O-O d5 6. c3 Bd6 7. Nbd2 O-O 8. dxc5
Bxc5 9. e4 dxe4 10. Nxe4 Nxe4 11. Bxe4 Qc7 12. Ng5 h6 13. Bh7+ Kh8 14. Bc2 f5
15. Qh5 Kg8 16. Nf3 Bd7 17. Bb3 Rf6 18. Re1 Be8 19. Qh4 Bf7 20. Be3 Bxe3 21.
Rxe3 g5 22. Nxg5 hxg5 23. Qxg5+ Rg6 24. Qh4 Rg4 25. Qh6 Rg6 26. Qh4 Rg4 27. Qh6
Rg6 28. Qh4 {Game drawn by repetition} 1/2-1/2

[Event "Team 45 45 League T57"]
[Site "Internet Chess Club"]
[Date "2013.06.16"]
[Round "4"]
[White "bat30"]
[Black "poni"]
[Result "1/2-1/2"]
[WhiteElo "1887"]
[BlackElo "1903"]
[Opening "Philidor: Improved Hanham variation"]
[ECO "B07"]
[Time "02:09:29"]
[TimeControl "2700+45"]

1. e4 d6 2. d4 Nf6 3. Nc3 e5 4. Nf3 Nbd7 5. g4 g6 6. g5 Nh5 7. Be3 Bg7 8. Be2
O-O 9. Qd2 Bh8 10. O-O-O c6 11. dxe5 dxe5 12. Ne1 Nf4 13. h4 Qe7 14. h5 Nc5 15.
hxg6 fxg6 16. Bc4+ Be6 17. Bxc5 Qxc5 18. Qd7 Bf7 19. Bb3 Bg7 20. Nd3 Nxd3+ 21.
Rxd3 Bxb3 22. axb3 Qxf2 23. Qh3 Rad8 24. Qxh7+ Kf7 25. Qh3 Rxd3 26. Qxd3 Kg8 27.
Rd1 Qf4+ 28. Kb1 Qxg5 29. Qc4+ Kh8 {Game drawn by mutual agreement} 1/2-1/2

[Event "Team 45 45 League T57"]
[Site "Internet Chess Club"]
[Date "2013.06.13"]
[Round "4"]
[White "pkktet"]
[Black "IshanR"]
[Result "1/2-1/2"]
[WhiteElo "1803"]
[BlackElo "1762"]
[Opening "Ruy Lopez: Schliemann defense"]
[ECO "C63"]
[Time "07:00:08"]
[TimeControl "2700+45"]

1. e4 e5 2. Nf3 Nc6 3. Bb5 f5 4. d3 fxe4 5. dxe4 Nf6 6. O-O Bc5 7. Nc3 d6 8. Qd3
O-O 9. Be3 Bxe3 10. Qxe3 Kh8 11. Rad1 Be6 12. Bxc6 bxc6 13. Nxe5 Qe8 14. Nf3
{Game drawn by mutual agreement} 1/2-1/2